[Event "European School-ch 2019"]
[Site "Mamaia"]
[Date "2019.06.04"]
[Round "5.26"]
[White "Krawczyk, Flawian"]
[Black "Kotelnikov, Konstantin"]
[Result "1-0"]
[ECO "C05"]
[WhiteElo "1795"]
[BlackElo "1546"]
[Annotator "NA RC"]
[PlyCount "81"]
[EventDate "2019.05.31"]
[EventType "swiss"]
[EventCountry "ROU"]
[SourceTitle "playchess.com"]
[Source "ChessBase"]
[SourceQuality "1"]
[TimeControl "40/5400+30:1800+30"]

1. e4 e6 2. d4 d5 3. Nd2 Nf6 4. e5 Nfd7 5. f4 c5 6. c3 Nc6 7. Ndf3 Be7 8. a3 O-O 9. b4 cxd4 10. cxd4 f6 11. Bd3 Qb6 12. Ne2 a6 13. Qc2 f5 14. Be3 Qc7 15. Rc1 Ndb8 16. Nd2 b5 17. Nb3 Qb6 18. Nc5 a5 19. Qd2 Na6 20. Rb1 axb4 21. axb4 Nc7 22. O-O Rd8 23. Rfc1 Bb7 24. Rc2 Ra3 25. Qc1 Rda8 26. Nxb7 Nxb4 27. Rxc7 Nxd3 28. Rc8+ Kf7 29. Qc7 Qxc7 30. Rxc7 b4 31. Nc1 Nxe5 32. dxe5 Rxe3 33. Nd6+ Kg6 34. Rxe7 b3 35. Rxe6+ Kh5 36. Nxf5 Rc3 37. Nxg7+ Kg4 38. Ne2 Rc2 39. h3+ Kh4 40. Nf5+ Kh5 41. g4# 1-0

[Event "European School-ch 2019"]
[Site "Mamaia"]
[Date "2019.06.04"]
[Round "5.27"]
[White "Ciocani, Iosif"]
[Black "Gardiner, Ethan"]
[Result "1-0"]
[ECO "C26"]
[WhiteElo "1740"]
[BlackElo "1317"]
[Annotator "NA RC"]
[PlyCount "69"]
[EventDate "2019.05.31"]
[EventType "swiss"]
[EventCountry "ROU"]
[SourceTitle "playchess.com"]
[Source "ChessBase"]
[SourceQuality "1"]
[TimeControl "40/5400+30:1800+30"]

1. e4 e5 2. Nc3 Nf6 3. g3 Bc5 4. Bg2 d6 5. Nge2 Nc6 6. O-O O-O 7. Na4 Bb6 8. Nxb6 axb6 9. d4 exd4 10. Nxd4 Nxd4 11. Qxd4 Re8 12. b3 Qe7 13. Re1 Qe5 14. Bb2 Qxd4 15. Bxd4 Be6 16. c4 Ra7 17. f4 Bd7 18. a4 c5 19. Bxf6 gxf6 20. Rad1 Bc6 21. Rxd6 f5 22. e5 Bxg2 23. Kxg2 Re6 24. Red1 Rxd6 25. Rxd6 Ra6 26. Kf3 Kg7 27. Rf6 Ra8 28. Rxb6 Rb8 29. Rb5 Rd8 30. Rxb7 Kf8 31. Ke2 Ke8 32. Rb5 Rc8 33. a5 Ke7 34. a6 Ra8 35. Rb7+ 1-0

[Event "European School-ch 2019"]
[Site "Mamaia"]
[Date "2019.06.04"]
[Round "5.28"]
[White "Tutunculer, Cagan"]
[Black "Karimli, Yusif"]
[Result "0-1"]
[ECO "A13"]
[WhiteElo "1193"]
[BlackElo "1470"]
[Annotator "NA RC"]
[PlyCount "79"]
[EventDate "2019.05.31"]
[EventType "swiss"]
[EventCountry "ROU"]
[SourceTitle "playchess.com"]
[Source "ChessBase"]
[SourceQuality "1"]
[TimeControl "40/5400+30:1800+30"]

1. c4 e6 2. g3 d5 3. Bg2 Nf6 4. d4 c5 5. cxd5 exd5 6. Nf3 Nc6 7. O-O cxd4 8. Nxd4 Bc5 9. Nb3 Bb6 10. Nc3 Be6 11. Bg5 O-O 12. Bxf6 Qxf6 13. Qd2 d4 14. Ne4 Qe7 15. Ng5 Bxb3 16. axb3 Rfe8 17. Rfe1 Bc5 18. Bd5 Ne5 19. Qf4 Rad8 20. Be4 h6 21. Nf3 Nxf3+ 22. Bxf3 Rd7 23. Ra4 Rc7 24. Rc4 b5 25. Rcc1 a5 26. Red1 Rd8 27. Rc2 Bb6 28. Rxc7 Qxc7 29. Qd2 Rd6 30. Qd3 Qc5 31. e3 dxe3 32. Qf1 Rxd1 33. Qxd1 exf2+ 34. Kg2 g6 35. Qe2 Qc1 36. Qf1 Qxb2 37. Bd5 a4 38. Kh3 Qe5 39. Qd3 f1=Q+ 40. Kh4 0-1

[Event "European School-ch 2019"]
[Site "Mamaia"]
[Date "2019.06.04"]
[Round "5.29"]
[White "Anghelescu, Teodor-Stefan"]
[Black "Durucay, Uygar"]
[Result "0-1"]
[ECO "D00"]
[WhiteElo "1266"]
[BlackElo "1575"]
[Annotator "NA RC"]
[PlyCount "68"]
[EventDate "2019.05.31"]
[EventType "swiss"]
[EventCountry "ROU"]
[SourceTitle "playchess.com"]
[Source "ChessBase"]
[SourceQuality "1"]
[TimeControl "40/5400+30:1800+30"]

1. d4 d5 2. Bf4 Nf6 3. e3 c5 4. c3 Nc6 5. Nd2 e6 6. Bd3 Bd6 7. Bg3 O-O 8. Ngf3 b6 9. Ne5 Bb7 10. f4 Ne7 11. Qf3 Nf5 12. Bf2 Be7 13. g4 Nd6 14. h4 Nfe4 15. g5 f5 16. h5 cxd4 17. exd4 b5 18. Qh3 Nc4 19. Bxc4 Nxd2 20. Kxd2 dxc4 21. Rh2 Qd5 22. Re1 Rad8 23. Kc2 b4 24. Ng6 b3+ 25. axb3 cxb3+ 26. Kd2 Bd6 27. Bg3 Rf7 28. Ne5 Rc7 29. g6 h6 30. Qh4 Be7 31. Qh3 Qa5 32. Bh4 Rxd4+ 33. Ke3 Re4+ 34. Kd2 Qa2 0-1

[Event "European School-ch 2019"]
[Site "Mamaia"]
[Date "2019.06.04"]
[Round "5.30"]
[White "Korovko, Iakov"]
[Black "Zheng, Harry Z"]
[Result "0-1"]
[ECO "C68"]
[WhiteElo "1232"]
[BlackElo "1653"]
[Annotator "NA RC"]
[PlyCount "124"]
[EventDate "2019.05.31"]
[EventType "swiss"]
[EventCountry "ROU"]
[SourceTitle "playchess.com"]
[Source "ChessBase"]
[SourceQuality "1"]
[TimeControl "40/5400+30:1800+30"]

1. e4 e5 2. Nf3 Nc6 3. Bb5 a6 4. Bxc6 dxc6 5. O-O Bg4 6. h3 Bxf3 7. Qxf3 Bc5 8. d3 h6 9. Be3 Bb6 10. Nd2 Nf6 11. Bxb6 cxb6 12. Qg3 Qe7 13. Nc4 Nd7 14. f4 exf4 15. Rxf4 b5 16. Qxg7 O-O-O 17. Rxf7 Qc5+ 18. Kh1 Rdg8 19. b4 Rxg7 20. bxc5 Rxf7 21. Nd6+ Kc7 22. Nxf7 Rh7 23. Rf1 Nxc5 24. Ne5 Kb6 25. Rf7 Rh8 26. Nd7+ Nxd7 27. Rxd7 Rf8 28. Kg1 a5 29. g4 Rf3 30. Kg2 Re3 31. Rf7 Re1 32. Rf6 Ra1 33. Rxh6 Rxa2 34. g5 Rxc2+ 35. Kf3 Rd2 36. g6 Rxd3+ 37. Kf4 Rd8 38. Kf5 a4 39. g7 Rg8 40. Kg6 a3 41. Rh8 Rxg7+ 42. Kxg7 Ka7 43. Rf8 a2 44. Rf1 b4 45. e5 b3 46. Ra1 Kb8 47. e6 b2 48. Rxa2 b1=Q 49. e7 Qe4 50. Kf8 Qf5+ 51. Kg7 Qe6 52. Kf8 Qf6+ 53. Ke8 Kc7 54. Rd2 Qf5 55. h4 c5 56. Rh2 c4 57. h5 c3 58. h6 Kd6 59. h7 Qf6 60. Re2 Qh8+ 61. Kf7 Qxh7+ 62. Kf6 Qh6+ 0-1

[Event "European School-ch 2019"]
[Site "Mamaia"]
[Date "2019.06.04"]
[Round "5.31"]
[White "Kliashtornyi, Arkadii"]
[Black "Kumar, Sanjit S"]
[Result "1/2-1/2"]
[ECO "D02"]
[WhiteElo "1317"]
[BlackElo "1392"]
[Annotator "NA RC"]
[PlyCount "97"]
[EventDate "2019.05.31"]
[EventType "swiss"]
[EventCountry "ROU"]
[SourceTitle "playchess.com"]
[Source "ChessBase"]
[SourceQuality "1"]
[TimeControl "40/5400+30:1800+30"]

1. d4 d5 2. Nf3 Nf6 3. g3 e6 4. Bg2 c5 5. O-O Be7 6. c4 Nc6 7. cxd5 exd5 8. dxc5 Bxc5 9. Bg5 d4 10. Nbd2 O-O 11. Ne4 Be7 12. Nxf6+ Bxf6 13. Bxf6 Qxf6 14. Qd2 Be6 15. a3 Rad8 16. Qg5 Qxg5 17. Nxg5 Bd5 18. Bxd5 Rxd5 19. Nf3 d3 20. e3 Rfd8 21. Nd2 Kf8 22. Rac1 Ke7 23. Rc4 f6 24. Re4+ Kf7 25. Rc4 R8d7 26. Rcc1 Rb5 27. Rb1 Rc5 28. Rbc1 Rc2 29. Rfd1 Ne5 30. Kg2 Rdc7 31. Rb1 R7c6 32. h3 Rb6 33. b3 Rd6 34. Rbc1 Rdc6 35. Rb1 Rc7 36. f4 Nd7 37. Kg1 Ra2 38. Nc4 Nc5 39. Nd6+ Ke6 40. Nb5 Rd7 41. Nd4+ Kf7 42. b4 Ne4 43. Rxd3 Nxg3 44. Rbd1 Re7 45. Nb5 Ne2+ 46. Kh1 Ng3+ 47. Kg1 Ne2+ 48. Kh1 Ng3+ 49. Kg1 1/2-1/2

[Event "European School-ch 2019"]
[Site "Mamaia"]
[Date "2019.06.04"]
[Round "5.32"]
[White "Utlu, Mustafa Ali"]
[Black "Ochedzan, Filip"]
[Result "0-1"]
[ECO "D35"]
[WhiteElo "1148"]
[BlackElo "1298"]
[Annotator "NA RC"]
[PlyCount "92"]
[EventDate "2019.05.31"]
[EventType "swiss"]
[EventCountry "ROU"]
[SourceTitle "playchess.com"]
[Source "ChessBase"]
[SourceQuality "1"]
[TimeControl "40/5400+30:1800+30"]

1. d4 d5 2. c4 e6 3. Nc3 Nf6 4. cxd5 exd5 5. Bg5 Be7 6. e3 Nc6 7. Bxf6 Bxf6 8. Qb3 Ne7 9. Bd3 O-O 10. Rc1 c6 11. Nge2 Re8 12. Qc2 h6 13. Ng3 Bd7 14. Nh5 Nc8 15. Nxf6+ Qxf6 16. Qe2 Nd6 17. Qf3 Qxd4 18. Rd1 Qe5 19. O-O Qg5 20. Na4 Bg4 21. Qg3 Bxd1 22. Qxg5 hxg5 23. Rxd1 Re7 24. Nc5 Rae8 25. f3 Rxe3 26. Kf2 b6 27. Be4 bxc5 28. Kxe3 Nc4+ 29. Kf2 dxe4 30. fxe4 Rxe4 31. b3 Ne5 32. Rd8+ Kh7 33. Ra8 Ng4+ 34. Kf3 f5 35. g3 Nxh2+ 36. Kg2 Re2+ 37. Kg1 Rxa2 38. Rb8 Rb2 39. Ra8 Nf3+ 40. Kf1 Rxb3 41. Rxa7 c4 42. Rd7 c3 43. Rd1 c2 44. Rd6 c1=Q+ 45. Kg2 Qg1+ 46. Kh3 Qh1# 0-1

[Event "European School-ch 2019"]
[Site "Mamaia"]
[Date "2019.06.04"]
[Round "5.33"]
[White "Yasmo, Daniil"]
[Black "Celik, Ali Alper"]
[Result "0-1"]
[ECO "A48"]
[WhiteElo "1424"]
[BlackElo "1169"]
[Annotator "NA RC"]
[PlyCount "138"]
[EventDate "2019.05.31"]
[EventType "swiss"]
[EventCountry "ROU"]
[SourceTitle "playchess.com"]
[Source "ChessBase"]
[SourceQuality "1"]
[TimeControl "40/5400+30:1800+30"]

1. d4 Nf6 2. Nf3 g6 3. Nbd2 d5 4. e3 Bg7 5. Be2 O-O 6. O-O c5 7. c3 Nc6 8. dxc5 Re8 9. Nd4 e5 10. Nxc6 bxc6 11. Qa4 Qc7 12. Nb3 Bf5 13. Na5 Re6 14. f3 e4 15. f4 h5 16. Nb3 Bg4 17. Nd4 Bxe2 18. Nxe2 Nd7 19. Nd4 Bxd4 20. cxd4 f5 21. Bd2 Nf6 22. Rac1 Qe7 23. Qd1 Kh7 24. Be1 Rg8 25. Bh4 Qc7 26. Rc3 Qb8 27. Qb3 Qc7 28. Qa4 Ng4 29. Bg5 Nh6 30. Bxh6 Kxh6 31. h4 Qe7 32. g3 Rg7 33. Ra3 Qc7 34. Kh2 Rf6 35. Qc2 Re6 36. Rb1 Rg8 37. b4 Qb7 38. Qe2 Ra8 39. Rab3 Qb5 40. Qc2 a5 41. bxa5 Qxa5 42. R3b2 Re7 43. Qd2 Qxd2+ 44. Rxd2 Rea7 45. Rbb2 Kg7 46. Kg2 Kf6 47. Rb6 Ra6 48. Rdb2 Ke6 49. Rxa6 Rxa6 50. Kf1 Ra7 51. Ke1 Kd7 52. Kd1 Kc7 53. Kc1 Ra3 54. Re2 Kb7 55. Kb2 Rd3 56. Kc1 Ka7 57. Kc2 Kb7 58. Re1 Ka7 59. a4 Ra3 60. Kb2 Rxa4 61. Kc2 Ra2+ 62. Kc3 Rg2 63. Rb1 Rxg3 64. Rb6 Rxe3+ 65. Kc2 Rd3 66. Rxc6 Rxd4 67. Rxg6 e3 68. Rb6 e2 69. Rb1 Rxf4 0-1

[Event "European School-ch 2019"]
[Site "Mamaia"]
[Date "2019.06.04"]
[Round "5.34"]
[White "Kumar, Soham"]
[Black "Bayramli, Rafael"]
[Result "1/2-1/2"]
[ECO "B78"]
[WhiteElo "1393"]
[BlackElo "1331"]
[Annotator "NA RC"]
[PlyCount "51"]
[EventDate "2019.05.31"]
[EventType "swiss"]
[EventCountry "ROU"]
[SourceTitle "playchess.com"]
[Source "ChessBase"]
[SourceQuality "1"]
[TimeControl "40/5400+30:1800+30"]

1. e4 c5 2. Nf3 d6 3. d4 cxd4 4. Nxd4 Nf6 5. Nc3 g6 6. Be3 Bg7 7. f3 O-O 8. Qd2 Nc6 9. Bc4 Bd7 10. O-O-O Rb8 11. h4 b5 12. Bb3 Ne5 13. Bh6 Nc4 14. Qg5 Qa5 15. Bxg7 Kxg7 16. h5 b4 17. Nd5 h6 18. Qh4 g5 19. Qf2 Nxd5 20. Nf5+ Bxf5 21. Rxd5 Qb6 22. Qxb6 Nxb6 23. Rxf5 e5 24. g3 Nc8 25. Rd1 Rb6 26. Rd5 1/2-1/2

[Event "European School-ch 2019"]
[Site "Mamaia"]
[Date "2019.06.04"]
[Round "5.37"]
[White "Simsek, Suat Can"]
[Black "Damodaran, Patrick"]
[Result "1-0"]
[ECO "B21"]
[WhiteElo "1761"]
[BlackElo "1157"]
[Annotator "NA RC"]
[PlyCount "199"]
[EventDate "2019.05.31"]
[EventType "swiss"]
[EventCountry "ROU"]
[SourceTitle "playchess.com"]
[Source "ChessBase"]
[SourceQuality "1"]
[TimeControl "40/5400+30:1800+30"]

1. e4 c5 2. d4 cxd4 3. c3 d3 4. c4 Nc6 5. Bxd3 Nf6 6. Nc3 g6 7. Nf3 d6 8. Bd2 Bg7 9. Qc2 O-O 10. O-O Bg4 11. Kh1 Nb4 12. Qb1 Rc8 13. Be2 Bxf3 14. gxf3 Nd7 15. a3 Na6 16. b4 Ne5 17. Qb3 Qd7 18. Rg1 Qe6 19. Rac1 Nxc4 20. Bxc4 Rxc4 21. Nd5 Rxc1 22. Rxc1 Re8 23. Qe3 Qh3 24. Nf4 Qd7 25. Qxa7 Bb2 26. Rb1 Bxa3 27. Qe3 Bxb4 28. Bxb4 Qb5 29. Qb3 Qb6 30. Nd3 Qd4 31. Qc3 Qxc3 32. Bxc3 Rc8 33. Be1 Rc7 34. Ba5 Rd7 35. Nb4 Nc5 36. Nd5 Kg7 37. Nb6 Rc7 38. Na4 Rd7 39. Nxc5 dxc5 40. Kg2 c4 41. Rc1 c3 42. Bxc3+ f6 43. Ba5 b5 44. Rc7 Rxc7 45. Bxc7 b4 46. Ba5 b3 47. Bc3 Kf7 48. Kf1 Kg7 49. Ke2 Kh6 50. Kd1 Kh5 51. Bb4 e6 52. Be7 f5 53. Kc1 fxe4 54. fxe4 Kg4 55. Kb2 Kf3 56. e5 Kxf2 57. Kxb3 Kf3 58. Kc4 Kf4 59. Bf6 Kf5 60. Kc5 g5 61. Kd4 Kf4 62. Kd3 h5 63. Ke2 h4 64. Kf2 h3 65. Kg1 g4 66. Kf2 Ke4 67. Kg3 Kf5 68. Be7 Kxe5 69. Kxg4 Ke4 70. Kxh3 Kf3 71. Bh4 e5 72. Be1 e4 73. Ba5 e3 74. Bb4 e2 75. Ba5 Kf4 76. Kg2 Kg4 77. h3+ Kh4 78. Kh2 Kh5 79. Kg3 Kg5 80. h4+ Kh5 81. Kh3 Kh6 82. Kg4 Kg6 83. h5+ Kh6 84. Kh4 Kh7 85. Kg5 Kg7 86. h6+ Kh7 87. Kh5 Kg8 88. Kg6 Kh8 89. Bc3+ Kg8 90. h7+ Kf8 91. h8=Q+ Ke7 92. Qf6+ Kd7 93. Kf7 Kc7 94. Qe6 Kb7 95. Qd6 e1=Q 96. Bxe1 Ka7 97. Ba5 Ka8 98. Qd7 Kb8 99. Bb6 Ka8 100. Qc8# 1-0

[Event "European School-ch 2019"]
[Site "Mamaia"]
[Date "2019.06.04"]
[Round "5.41"]
[White "Mgeladze, Kesaria"]
[Black "Ismayilova, Khanim"]
[Result "1/2-1/2"]
[ECO "B22"]
[WhiteElo "1322"]
[BlackElo "1225"]
[Annotator "NA RC"]
[PlyCount "63"]
[EventDate "2019.05.31"]
[EventType "swiss"]
[EventCountry "ROU"]
[SourceTitle "playchess.com"]
[Source "ChessBase"]
[SourceQuality "1"]
[TimeControl "40/5400+30:1800+30"]

1. e4 c5 2. c3 d5 3. exd5 Qxd5 4. d4 Nf6 5. Nf3 Bg4 6. Be2 e6 7. O-O Nc6 8. Be3 cxd4 9. cxd4 Be7 10. Nc3 Qd6 11. Qd2 O-O 12. h3 Bh5 13. Rac1 Rac8 14. Rfe1 Rfd8 15. Red1 Nd5 16. Nxd5 Qxd5 17. a3 Na5 18. Rxc8 Rxc8 19. Rc1 Rxc1+ 20. Qxc1 Qc6 21. Qe1 Nc4 22. Bc1 h6 23. b3 Nxa3 24. Bxa3 Bxa3 25. Ne5 Qe4 26. g4 Bg6 27. Nxg6 fxg6 28. Qd1 Bb2 29. d5 exd5 30. Bf3 Qe7 31. Bxd5+ Kh7 32. Qc2 1/2-1/2

[Event "European School-ch 2019"]
[Site "Mamaia"]
[Date "2019.06.04"]
[Round "5.42"]
[White "Korolchuk, Vladyslava"]
[Black "Shatil, Or"]
[Result "1-0"]
[ECO "A16"]
[WhiteElo "1032"]
[BlackElo "1199"]
[Annotator "NA RC"]
[PlyCount "93"]
[EventDate "2019.05.31"]
[EventType "swiss"]
[EventCountry "ROU"]
[SourceTitle "playchess.com"]
[Source "ChessBase"]
[SourceQuality "1"]
[TimeControl "40/5400+30:1800+30"]

1. c4 Nf6 2. Nc3 d5 3. cxd5 Nxd5 4. Nf3 c5 5. d3 Nc6 6. Bd2 e5 7. g3 Be7 8. Bg2 Be6 9. O-O O-O 10. a3 h6 11. Rc1 Nb6 12. Qc2 Nd4 13. Nxd4 cxd4 14. Na4 Rc8 15. Qd1 Nd5 16. b4 Rxc1 17. Qxc1 Qd6 18. Nc5 Rc8 19. Qb2 Qb6 20. Nxe6 Qxe6 21. Rc1 Rxc1+ 22. Qxc1 b6 23. Be4 Nf6 24. Bg2 Kh7 25. Qc7 Qa2 26. Qxe7 Qxd2 27. Bf1 Qa2 28. Qxa7 Qe6 29. a4 Nd5 30. a5 bxa5 31. bxa5 Qe7 32. Qa8 Nc7 33. Qb7 Qd6 34. a6 Nxa6 35. Qxf7 Qf6 36. Qb7 Qg6 37. Bg2 Kg8 38. Bd5+ Kf8 39. Qc8+ Ke7 40. Qb7+ Kf8 41. Bc6 Nc5 42. Qc8+ Ke7 43. Qa8 h5 44. Qa7+ Kd6 45. Bg2 Nd7 46. Qa6+ Ke7 47. Qxg6 1-0

[Event "European School-ch 2019"]
[Site "Mamaia"]
[Date "2019.06.04"]
[Round "5.43"]
[White "State-Ungureanu, Elena-Anastasia"]
[Black "Voronaya, Eva"]
[Result "1-0"]
[ECO "C11"]
[WhiteElo "1057"]
[BlackElo "1005"]
[Annotator "NA RC"]
[PlyCount "163"]
[EventDate "2019.05.31"]
[EventType "swiss"]
[EventCountry "ROU"]
[SourceTitle "playchess.com"]
[Source "ChessBase"]
[SourceQuality "1"]
[TimeControl "40/5400+30:1800+30"]

1. e4 e6 2. d4 d5 3. Nc3 Nf6 4. e5 Nfd7 5. Nf3 c5 6. Bf4 Nc6 7. Bb5 Qb6 8. Bxc6 bxc6 9. Rb1 cxd4 10. Qxd4 Qxd4 11. Nxd4 Bb7 12. O-O Bc5 13. Nf3 O-O 14. Rfd1 Ba6 15. Nd4 Rfc8 16. Nb3 Bb6 17. Ne4 Nxe5 18. Nd6 Ng4 19. Nxc8 Bxf2+ 20. Kh1 Rxc8 21. h3 Nf6 22. Bh2 Ne4 23. Nd2 Ng3+ 24. Bxg3 Bxg3 25. Nb3 Bd6 26. Rd4 c5 27. Ra4 Rc6 28. Re1 c4 29. Nd4 Rb6 30. b3 cxb3 31. axb3 Bc5 32. Nf3 f6 33. Rea1 Bb7 34. Rxa7 Rb5 35. R7a5 Rxa5 36. Rxa5 Be3 37. Rb5 Bc6 38. Rb8+ Kf7 39. b4 Ba4 40. c3 Ke7 41. Rb7+ Bd7 42. g4 Kd6 43. Rb8 Kc7 44. Ra8 Bc6 45. Ra2 d4 46. Kg2 e5 47. cxd4 Bxd4 48. Kg3 Bxf3 49. Kxf3 Kb6 50. Ra8 Kb5 51. Rg8 g5 52. Rh8 Kxb4 53. Rxh7 Kc5 54. Ke4 Kd6 55. Kf5 e4 56. Kxe4 Be5 57. Kf5 Kd5 58. Rf7 Kd4 59. Rxf6 Bf4 60. Rg6 Kd5 61. Rxg5 Bxg5 62. Kxg5 Ke5 63. h4 Ke6 64. Kg6 Ke7 65. Kg7 Ke8 66. h5 Ke7 67. h6 Ke8 68. h7 Ke7 69. h8=Q Ke6 70. Qh5 Kd6 71. Qf5 Ke7 72. Qg6 Kd7 73. Qf6 Kc7 74. Qe6 Kb7 75. Qd6 Ka7 76. Qb4 Ka6 77. Kf6 Ka7 78. Qb5 Ka8 79. Ke6 Ka7 80. Kd6 Ka8 81. Kc7 Ka7 82. Qb7# 1-0

[Event "European School-ch 2019"]
[Site "Mamaia"]
[Date "2019.06.04"]
[Round "5.44"]
[White "Zarkua, Anastasia"]
[Black "Mirioglu, Eylul"]
[Result "1-0"]
[ECO "A09"]
[WhiteElo "1108"]
[BlackElo "1048"]
[Annotator "NA RC"]
[PlyCount "147"]
[EventDate "2019.05.31"]
[EventType "swiss"]
[EventCountry "ROU"]
[SourceTitle "playchess.com"]
[Source "ChessBase"]
[SourceQuality "1"]
[TimeControl "40/5400+30:1800+30"]

1. Nf3 d5 2. c4 d4 3. e3 dxe3 4. fxe3 Nc6 5. d4 e6 6. Nc3 Nf6 7. Be2 b6 8. e4 Bb4 9. Qa4 Qd7 10. d5 Bxc3+ 11. bxc3 Nb8 12. Qxd7+ Nbxd7 13. Bd3 Nc5 14. Bc2 Ncxe4 15. Bb2 exd5 16. cxd5 Bb7 17. c4 Nd6 18. Bb3 a5 19. a4 c6 20. dxc6 Bxc6 21. O-O Bxf3 22. Rxf3 Nde4 23. Re1 O-O 24. Bc2 Rfe8 25. Bd4 Nd2 26. Rxe8+ Rxe8 27. Bxf6 Nxf3+ 28. gxf3 gxf6 29. Be4 Rc8 30. Bd5 Kg7 31. Kf2 Re8 32. Be4 h5 33. h4 Re5 34. Kg3 f5 35. Bd5 Re1 36. Kf4 Kg6 37. Kg3 Rg1+ 38. Kf4 Rh1 39. Kg3 f4+ 40. Kxf4 Rxh4+ 41. Kg3 Rd4 42. Kh3 f5 43. Kg3 Kg5 44. Kh3 Rd1 45. Kg2 h4 46. Kh3 Kf4 47. Kg2 Kg5 48. Kh3 Rh1+ 49. Kg2 Rd1 50. Kh3 f4 51. Kg2 Rd2+ 52. Kh3 Kf5 53. Bc6 Rd6 54. Be4+ Kg5 55. Bd5 Kf5 56. Be4+ Kg5 57. Bd5 b5 58. axb5 a4 59. Bf7 a3 60. c5 Rd3 61. b6 Rxf3+ 62. Kg2 Rg3+ 63. Kf2 h3 64. b7 h2 65. b8=Q h1=Q 66. Qe5+ Kg4 67. Be6+ Kh4 68. Qh8+ Kg5 69. Qxh1 Rc3 70. Qd5+ Kh4 71. Qd4 Rc2+ 72. Kf3 a2 73. Qxf4+ Kh5 74. Bf7# 1-0

[Event "European School-ch 2019"]
[Site "Mamaia"]
[Date "2019.06.04"]
[Round "5.45"]
[White "Zhapova, Yana"]
[Black "Babic, Milana"]
[Result "1-0"]
[ECO "B10"]
[WhiteElo "1804"]
[BlackElo "1677"]
[Annotator "NA RC"]
[PlyCount "120"]
[EventDate "2019.05.31"]
[EventType "swiss"]
[EventCountry "ROU"]
[SourceTitle "playchess.com"]
[Source "ChessBase"]
[SourceQuality "1"]
[TimeControl "40/5400+30:1800+30"]

1. e4 c6 2. Nc3 d5 3. Nf3 g6 4. d4 Bg7 5. Be2 dxe4 6. Nxe4 Nd7 7. c3 Ngf6 8. Nxf6+ Nxf6 9. Ne5 O-O 10. O-O e6 11. Re1 Nd7 12. Nd3 b6 13. Bf3 Bb7 14. Bf4 Qc8 15. Qb3 a5 16. a4 Ba6 17. Rad1 Bxd3 18. Rxd3 e5 19. Bg3 Ra7 20. Qc4 exd4 21. cxd4 c5 22. Bd6 cxd4 23. Qb5 Rd8 24. Rdd1 Nb8 25. Bg3 Nd7 26. Bd6 Nc5 27. Be7 Rdd7 28. Bh4 Ne6 29. Qxb6 g5 30. Bg3 Qc5 31. Rxe6 Qxb6 32. Rxb6 f5 33. Bb8 d3 34. Bxa7 Rxa7 35. Rxd3 Re7 36. Rb8+ Bf8 37. Bd5+ Kg7 38. Rb7 Rxb7 39. Bxb7 Bb4 40. Kf1 Kf6 41. Ke2 Ke5 42. Rd5+ Kf6 43. Bc8 f4 44. h4 gxh4 45. Rf5+ Ke7 46. Rxf4 Kd6 47. Rxh4 Kc5 48. f4 Kd6 49. f5 Ke7 50. Rxh7+ Kf6 51. g4 Kg5 52. Rg7+ Kf6 53. Rg6+ Kf7 54. Be6+ Ke7 55. g5 Bc5 56. Rg7+ Kf8 57. Rf7+ Ke8 58. g6 Bf8 59. f6 Bh6 60. g7 Bxg7 1-0

[Event "European School-ch 2019"]
[Site "Mamaia"]
[Date "2019.06.04"]
[Round "5.46"]
[White "Rasheva, Nora"]
[Black "Babic, Masa"]
[Result "1/2-1/2"]
[ECO "A55"]
[WhiteElo "1473"]
[BlackElo "1715"]
[Annotator "NA RC"]
[PlyCount "164"]
[EventDate "2019.05.31"]
[EventType "swiss"]
[EventCountry "ROU"]
[SourceTitle "playchess.com"]
[Source "ChessBase"]
[SourceQuality "1"]
[TimeControl "40/5400+30:1800+30"]

1. d4 Nf6 2. c4 d6 3. Nc3 Nbd7 4. Nf3 e5 5. e4 c6 6. Be2 Be7 7. O-O O-O 8. d5 Nc5 9. Nd2 a6 10. b4 Ncd7 11. a4 cxd5 12. cxd5 a5 13. Ba3 axb4 14. Bxb4 Nb8 15. a5 Na6 16. Bxa6 bxa6 17. Na4 Rb8 18. Nb6 Bd7 19. Qb3 Bb5 20. Rfc1 Nd7 21. Nxd7 Qxd7 22. Qa3 f5 23. Rc2 fxe4 24. Nxe4 Bd3 25. Qxd3 Rxb4 26. Rac1 Qb5 27. Qxb5 Rxb5 28. Rc7 Re8 29. R7c6 Rxa5 30. Nxd6 Rf8 31. Rd1 Ra4 32. f3 Rd8 33. Nf5 Bf8 34. d6 g6 35. Ne3 Rd4 36. Rxd4 exd4 37. Nc4 d3 38. Kf2 Re8 39. Rc5 Re2+ 40. Kg3 Rc2 41. d7 Be7 42. Rc8+ Kg7 43. d8=Q Bxd8 44. Rxd8 Rxc4 45. Rxd3 a5 46. Rd7+ Kh6 47. Ra7 a4 48. f4 g5 49. fxg5+ Kxg5 50. h4+ Kf5 51. Rxh7 a3 52. Ra7 Rc3+ 53. Kh2 Kg4 54. Ra4+ Kf5 55. g4+ Ke5 56. h5 Rc2+ 57. Kg3 a2 58. Kh4 Kf6 59. Ra6+ Kg7 60. h6+ Kh7 61. Kh5 Rh2+ 62. Kg5 Rg2 63. Ra7+ Kh8 64. Kh5 Rc2 65. g5 Kg8 66. h7+ Kh8 67. Kh6 Rc6+ 68. Kh5 a1=Q 69. Rxa1 Kxh7 70. Ra7+ Kh8 71. Rf7 Kg8 72. Re7 Kf8 73. Rh7 Kg8 74. Rh6 Rc7 75. Rg6+ Kh7 76. Rf6 Kg7 77. Re6 Kf7 78. Rd6 Kg7 79. Rd5 Rf7 80. g6 Re7 81. Rg5 Re6 82. Rd5 Re7 1/2-1/2

[Event "European School-ch 2019"]
[Site "Mamaia"]
[Date "2019.06.04"]
[Round "5.47"]
[White "Bendik, Margarita"]
[Black "Arora, Tashika"]
[Result "0-1"]
[ECO "C42"]
[WhiteElo "1077"]
[BlackElo "1471"]
[Annotator "NA RC"]
[PlyCount "72"]
[EventDate "2019.05.31"]
[EventType "swiss"]
[EventCountry "ROU"]
[SourceTitle "playchess.com"]
[Source "ChessBase"]
[SourceQuality "1"]
[TimeControl "40/5400+30:1800+30"]

1. e4 e5 2. Nf3 Nf6 3. Nxe5 d6 4. Nf3 Nxe4 5. Nc3 Nxc3 6. dxc3 Be7 7. Bf4 O-O 8. Qd2 Nc6 9. O-O-O Be6 10. Kb1 a6 11. Bd3 Qd7 12. Rhe1 Rfe8 13. Ng5 Bf5 14. Bc4 Bxg5 15. Bxg5 Re5 16. f4 Ree8 17. h3 Be4 18. g4 Na5 19. Bf1 Qc6 20. f5 Bf3 21. Rxe8+ Rxe8 22. Re1 Be4 23. b3 b5 24. h4 Nb7 25. h5 h6 26. Bh4 d5 27. f6 Qe6 28. fxg7 Kxg7 29. g5 Nd6 30. Qd4+ Kg8 31. gxh6 Qxh6 32. Bh3 Qxh5 33. Rg1+ Bg6 34. Rg5 Qe2 35. Qxd5 Qxc2+ 36. Ka1 Qb1# 0-1

[Event "European School-ch 2019"]
[Site "Mamaia"]
[Date "2019.06.04"]
[Round "5.48"]
[White "Janouskova, Adela"]
[Black "Mikhailina, Olga"]
[Result "0-1"]
[ECO "B22"]
[WhiteElo "1330"]
[BlackElo "1338"]
[Annotator "NA RC"]
[PlyCount "112"]
[EventDate "2019.05.31"]
[EventType "swiss"]
[EventCountry "ROU"]
[SourceTitle "playchess.com"]
[Source "ChessBase"]
[SourceQuality "1"]
[TimeControl "40/5400+30:1800+30"]

1. e4 c5 2. c3 Nf6 3. e5 Nd5 4. d4 cxd4 5. cxd4 d6 6. exd6 Qxd6 7. Nc3 Bf5 8. Nxd5 Qxd5 9. Nf3 Nc6 10. Be2 e6 11. O-O Be7 12. Be3 O-O 13. Qd2 Rfd8 14. Rfd1 Rac8 15. a3 Na5 16. Qe1 Bc2 17. Rdc1 Nb3 18. Ne5 Nxa1 19. Rxa1 Bf6 20. Nf3 Qb3 21. Bc1 Bxd4 22. Nxd4 Rxd4 23. Be3 Rd7 24. Bc1 Rcd8 25. Be3 Bd1 26. h3 Bxe2 27. Qxe2 Rd1+ 28. Rxd1 Qxd1+ 29. Qxd1 Rxd1+ 30. Kh2 Rb1 31. Bxa7 Rxb2 32. f3 f6 33. Bc5 Kf7 34. Kg3 Ke8 35. Bb4 Rxb4 36. axb4 Kd7 37. Kf4 Kc6 38. Ke4 Kb5 39. Kd4 Kxb4 40. g4 Ka4 41. Kc5 b5 42. Kd6 b4 43. Kxe6 b3 44. Kf7 b2 45. Kxg7 b1=Q 46. Kxf6 Qg6+ 47. Ke5 Qh6 48. f4 Qxh3 49. g5 Qh5 50. Kf6 Qg6+ 51. Ke5 Kb5 52. f5 Qxg5 53. Ke6 h5 54. f6 Qxf6+ 55. Kxf6 h4 56. Kg5 h3 0-1